 Dungeon Crawl Stone Soup version 0.24.0-123-gd5b16e6ec5 (webtiles) character file.

Game seed: 6697522127634971559, levelgen mode: deterministic

13453 DungeonDestroyer the Blocker (level 12, -10/95 (96) HPs)
             Began as a Gnoll Fighter on Dec 29, 2019.
             Was a High Priest of Okawaru.
             Mangled by an enormous slime creature (56 damage)
             ... on level 12 of the Dungeon.
             The game lasted 00:35:34 (11986 turns).

DungeonDestroyer the Blocker (Gnoll Fighter)       Turns: 11986, Time: 00:35:35

HP:   -10/95 (96)   AC: 23    Str: 23    XL:     12   Next: 6%
MP:   22/22         EV: 22    Int: 12    God:    Okawaru [*****.]
Gold: 634           SH: 15    Dex: 21    Spells: 24/24 levels left

rFire    . . .     SeeInvis .   w - +0 war axe (venom)
rCold    + . .     Gourm    .   c - +0 shield
rNeg     . . .     Faith    .   q - +1 storm dragon scales
rPois    +         Spirit   .   b - +0 helmet
rElec    +         Reflect  .   s - +1 cloak {rPois}
rCorr    .         Harm     .   D - +0 pair of gloves
MR       .....                  (no boots)
Stlth    +++.......             (no amulet)
HPRegen  0.25/turn              (no ring)
MPRegen  0.18/turn              B - ring of protection from cold

@: agile, heroism
A: distributed training, fangs 1, strong 1, subdued magic 1, MP-powered wands,
strong nose
a: Heroism, Finesse, Renounce Religion


You were on level 12 of the Dungeon.
You worshipped Okawaru.
Okawaru was extremely pleased with you.
You were not hungry.

You visited 2 branches of the dungeon, and saw 13 of its levels.

You collected 634 gold pieces.

Inventory:

Hand Weapons
 w - a +0 war axe of venom (weapon)
 z - a +2 antimagic flail
Missiles
 e - 343 stones (quivered)
 h - 287 arrows
 o - 8 atropa-tipped darts
 p - 127 bolts
 r - 20 sling bullets
 t - 7 silver boomerangs
 C - 13 boomerangs
 G - 2 curare-tipped darts
Armour
 b - a +0 helmet (worn)
 c - a +0 shield (worn)
 q - +1 storm dragon scales (worn)
 s - a +1 cloak of poison resistance (worn)
 D - a +0 pair of gloves (worn)
 F - a scarf of cloud immunity
Jewellery
 B - a ring of protection from cold (right hand)
Wands
 j - a wand of digging (7)
 n - a wand of flame (50)
 x - a wand of acid (15)
Scrolls
 a - a scroll of magic mapping
 g - 2 scrolls of enchant weapon
 i - 8 scrolls of identify
 m - 4 scrolls of blinking
 u - 5 scrolls of teleportation
 y - a scroll of remove curse
 A - 4 scrolls of amnesia
 E - 2 scrolls of enchant armour
 J - a scroll of fog
Potions
 k - 3 potions of brilliance
 l - a potion of agility
 v - 4 potions of curing
Comestibles
 d - 7 chunks of flesh
 f - 29 rations


   Skills:
 + Level 9.5(14.5) Fighting
 + Level 6.7(11.7) Short Blades
 + Level 6.7(11.7) Long Blades
 + Level 8.2(13.2) Axes
 + Level 6.7(11.7) Maces & Flails
 + Level 6.7(11.7) Polearms
 + Level 6.7(11.7) Staves
 + Level 6.7(11.7) Slings
 + Level 6.7(11.7) Bows
 + Level 6.7(11.7) Crossbows
 + Level 6.7(11.7) Throwing
 + Level 9.5(14.5) Armour
 + Level 6.7(11.7) Dodging
 + Level 6.7(11.7) Stealth
 + Level 9.5(14.5) Shields
 + Level 6.7(11.7) Unarmed Combat
 + Level 6.7 Spellcasting
 + Level 5.6 Conjurations
 + Level 5.6 Hexes
 + Level 5.6 Charms
 + Level 5.6 Summonings
 + Level 5.6 Necromancy
 + Level 5.6 Translocations
 + Level 5.6 Transmutations
 + Level 5.6 Fire Magic
 + Level 5.6 Ice Magic
 + Level 5.6 Air Magic
 + Level 5.6 Earth Magic
 + Level 5.6 Poison Magic
 + Level 7.4 Invocations
 + Level 6.7 Evocations


You had 24 spell levels left.
You didn't know any spells.
Your spell library contained the following spells:

 Spells                   Type           Power        Failure   Level  Hunger
 Corona                   Hex            ##.....      7%          1    None
 Ensorcelled Hibernation  Hex/Ice        ##....       10%         2    #......
 Confuse                  Hex            ##......     21%         3    ###....
 Dazzling Spray           Conj/Hex       ##....       21%         3    ###....
 Tukima's Dance           Hex            ##......     21%         3    ###....


Dungeon Overview and Level Annotations

Branches:
Dungeon (12/15)            Temple (1/1) D:7            Lair (0/6) D:9
    Orc (0/2) D:10

Altars:
Ashenzari
Cheibriados
Dithmenos
Elyvilon
Fedhas
Gozag
Hepliaklqana
Kikubaaqudgha
Makhleb
Nemelex Xobeh
Okawaru
Qazlal
Ru
Sif Muna
Trog
Uskayaw
Vehumet
Wu Jian
Xom
Yredelemnul
Zin
The Shining One
Beogh

Shops:
D:6 [


Innate Abilities, Weirdness & Mutations

Your experience applies equally to all skills.
You have very sharp teeth.
Your uncanny sense of smell can sniff out nearby items.
Your muscles are strong. (Str +2)
Your spells are a little easier to cast, but a little less powerful.
You expend magic power (3 MP) to strengthen your wands.


Message History

The enormous slime creature looks even sicker.
Your bite misses the enormous slime creature.
The enormous slime creature is moderately wounded.
The enormous slime creature hits you!!!
Ouch! That really hurt!
Unknown command.
You hit the enormous slime creature.
The enormous slime creature is moderately wounded.
Unknown command.
Your storm dragon scales prevents you from hitting the enormous slime creature.
You bite the enormous slime creature, but do no damage.
The enormous slime creature is heavily wounded.
You block the enormous slime creature's attack.
Unknown command.
You hit the enormous slime creature.
Your bite misses the enormous slime creature.
The enormous slime creature is heavily wounded.
The enormous slime creature hits you!!!
Ouch! That really hurt!
You die...

#.+ ..# #.# ..# #.# ..#
#.# ..# ..# #+#..#####
###..# #......... .....#
### #J........ ....
###.#########+#.........
....
...........@J...........
####
#........#####..).......
#........#...#.########.
#........#...#.#
#........#...#.#
######).......'...#.#
..............#...#..
.....)[.......#####..
.....................


You could see an enormous slime creature.

Vanquished Creatures
  Josephine (D:9)
  Erolcha (D:11)
  A hydra (D:11)
  Nergalle (D:11)
  2 centaur zombies
  A komodo dragon (D:9)
  12 yaks
  3 wraiths (D:10)
  4 hogs (D:7)
  A wyvern (D:9)
  A human (D:7)
  A steam dragon (D:9)
  Edmund (D:4)
  2 water moccasins
  A hornet zombie (D:9)
  2 ice beasts
  4 orc warriors
  A sky beast (D:7)
  A necrophage (D:7)
  9 ogres
  A phantom (D:5)
  4 centaurs
  2 crocodiles (D:9)
  Blork the orc (D:4)
  3 big kobolds
  2 wyvern zombies
  4 bullfrogs
  A wyvern skeleton (D:8)
  7 scorpions
  A water moccasin skeleton (D:9)
  13 killer bees
  5 wights (D:9)
  2 howler monkeys
  7 crimson imps
  Crazy Yiuf (D:2)
  4 jellies
  12 orc priests
  2 bullfrog skeletons (D:8)
  3 hounds
  7 iguanas
  14 orc wizards
  A centaur skeleton (D:11)
  Jessica (D:3)
  Natasha (thrice) (D:4)
  12 worker ants
  2 hound zombies
  2 hound skeletons
  4 gnolls (D:6)
  2 worker ant zombies
  13 adders
  4 shadow imps
  3 oozes
  2 adder skeletons
  3 worms
  A dart slug (D:1)
  7 leopard geckos
  52 orcs
  7 bats
  2 giant cockroaches
  7 goblins
  4 hobgoblins
  14 jackals
  22 kobolds
  6 quokkas
  5 frilled lizards
  6 rats
331 creatures vanquished.

Notes
Turn   | Place    | Note
-------+----------+-------------------------------------------
     0 | D:1      | DungeonDestroyer the Gnoll Fighter began the quest for the
                  | Orb.
     0 | D:1      | Reached XP level 1. HP: 23/23 MP: 1/1
    82 | D:1      | Reached XP level 2. HP: 28/29 MP: 2/2
   799 | D:2      | Reached XP level 3. HP: 33/35 MP: 3/3
   833 | D:2      | Reached skill level 1 in Invocations
   971 | D:2      | Found a radiant altar of Vehumet.
  1106 | D:2      | Found a runed translucent door.
  1107 | D:2      | Noticed Crazy Yiuf
  1143 | D:2      | Reached skill level 1 in Short Blades
  1143 | D:2      | Reached skill level 1 in Long Blades
  1143 | D:2      | Reached skill level 1 in Maces & Flails
  1143 | D:2      | Reached skill level 1 in Polearms
  1143 | D:2      | Reached skill level 1 in Staves
  1143 | D:2      | Reached skill level 1 in Slings
  1143 | D:2      | Reached skill level 1 in Bows
  1143 | D:2      | Reached skill level 1 in Crossbows
  1143 | D:2      | Reached skill level 1 in Throwing
  1143 | D:2      | Reached skill level 1 in Dodging
  1143 | D:2      | Reached skill level 1 in Stealth
  1143 | D:2      | Reached skill level 1 in Unarmed Combat
  1143 | D:2      | Reached skill level 1 in Spellcasting
  1143 | D:2      | Reached skill level 1 in Evocations
  1526 | D:2      | Reached XP level 4. HP: 41/41 MP: 5/5
  1648 | D:2      | Killed Crazy Yiuf
  1648 | D:2      | Reached skill level 1 in Conjurations
  1648 | D:2      | Reached skill level 1 in Hexes
  1648 | D:2      | Reached skill level 1 in Charms
  1648 | D:2      | Reached skill level 1 in Summonings
  1648 | D:2      | Reached skill level 1 in Necromancy
  1648 | D:2      | Reached skill level 1 in Translocations
  1648 | D:2      | Reached skill level 1 in Transmutations
  1648 | D:2      | Reached skill level 1 in Fire Magic
  1648 | D:2      | Reached skill level 1 in Ice Magic
  1648 | D:2      | Reached skill level 1 in Air Magic
  1648 | D:2      | Reached skill level 1 in Earth Magic
  1648 | D:2      | Reached skill level 1 in Poison Magic
  1774 | D:2      | Gained mutation: You tend to lose your temper in combat.
                  | [potion of mutation]
  1774 | D:2      | Gained mutation: You expend magic power (3 MP) to
                  | strengthen your wands. [potion of mutation]
  2121 | D:3      | Reached XP level 5. HP: 46/47 MP: 6/6
  2190 | D:3      | Noticed Jessica
  2192 | D:3      | Killed Jessica
  2576 | D:4      | Noticed Blork the orc
  2590 | D:4      | Killed Blork the orc
  2590 | D:4      | Reached XP level 6. HP: 53/53 MP: 8/8
  2704 | D:4      | Found a sparkling altar of Nemelex Xobeh.
  2850 | D:4      | Noticed Edmund
  2851 | D:4      | Noticed Natasha
  2859 | D:4      | Killed Natasha
  2867 | D:4      | Killed Edmund
  2867 | D:4      | Reached skill level 5 in Axes
  2875 | D:4      | Noticed Natasha
  2885 | D:4      | Killed Natasha
  2932 | D:4      | Noticed Natasha
  2944 | D:4      | Killed Natasha
  2944 | D:4      | Reached XP level 7. HP: 49/59 MP: 10/10
  3118 | D:5      | Entered Level 5 of the Dungeon
  3429 | D:5      | Reached XP level 8. HP: 37/67 MP: 12/12
  4398 | D:6      | Found an ornate altar of the Wu Jian Council.
  4416 | D:6      | Found Obeg's Armour Boutique.
  4582 | D:6      | Found a sacrificial altar of Ru.
  4582 | D:6      | Found a snail-covered altar of Cheibriados.
  5240 | D:7      | Reached XP level 9. HP: 59/72 MP: 14/14
  5918 | D:7      | Lost mutation: You expend magic power (3 MP) to strengthen
                  | your wands. [potion of mutation]
  5918 | D:7      | Gained mutation: Your spells are a little easier to cast,
                  | but a little less powerful. [potion of mutation]
  5918 | D:7      | Gained mutation: Your natural rate of healing is unusually
                  | fast. [potion of mutation]
  5919 | D:7      | Lost mutation: You tend to lose your temper in combat.
                  | [potion of mutation]
  5919 | D:7      | Lost mutation: Your spells are a little easier to cast, but
                  | a little less powerful. [potion of mutation]
  5919 | D:7      | Lost mutation: Your natural rate of healing is unusually
                  | fast. [potion of mutation]
  5919 | D:7      | Gained mutation: Your spells are a little easier to cast,
                  | but a little less powerful. [potion of mutation]
  5919 | D:7      | Gained mutation: You expend magic power (3 MP) to
                  | strengthen your wands. [potion of mutation]
  5919 | D:7      | Gained mutation: Your muscles are strong. (Str +2) [potion
                  | of mutation]
  5928 | D:7      | Found a staircase to the Ecumenical Temple.
  5954 | D:7      | Reached skill level 5 in Invocations
  5972 | Temple   | Entered the Ecumenical Temple
  6271 | Temple   | Became a worshipper of Warmaster Okawaru
  6713 | D:7      | Reached XP level 10. HP: 66/79 MP: 17/17
  7226 | D:8      | Reached * piety under Okawaru
  7384 | D:8      | Reached skill level 5 in Short Blades
  7384 | D:8      | Reached skill level 5 in Long Blades
  7384 | D:8      | Reached skill level 5 in Maces & Flails
  7384 | D:8      | Reached skill level 5 in Polearms
  7384 | D:8      | Reached skill level 5 in Staves
  7384 | D:8      | Reached skill level 5 in Slings
  7384 | D:8      | Reached skill level 5 in Bows
  7384 | D:8      | Reached skill level 5 in Crossbows
  7384 | D:8      | Reached skill level 5 in Throwing
  7384 | D:8      | Reached skill level 5 in Dodging
  7384 | D:8      | Reached skill level 5 in Stealth
  7384 | D:8      | Reached skill level 5 in Unarmed Combat
  7384 | D:8      | Reached skill level 5 in Spellcasting
  7384 | D:8      | Reached skill level 5 in Evocations
  7836 | D:8      | Identified a scroll of acquirement
  7998 | D:9      | Reached ** piety under Okawaru
  8433 | D:9      | Found a staircase to the Lair.
  8612 | D:9      | Reached *** piety under Okawaru
  8612 | D:9      | Reached XP level 11. HP: 77/86 MP: 19/19
  9164 | D:10     | Entered Level 10 of the Dungeon
  9169 | D:10     | Noticed Josephine
  9186 | D:9      | Killed Josephine
  9186 | D:9      | Reached **** piety under Okawaru
  9186 | D:9      | Reached skill level 5 in Conjurations
  9186 | D:9      | Reached skill level 5 in Hexes
  9186 | D:9      | Reached skill level 5 in Charms
  9186 | D:9      | Reached skill level 5 in Summonings
  9186 | D:9      | Reached skill level 5 in Necromancy
  9186 | D:9      | Reached skill level 5 in Translocations
  9186 | D:9      | Reached skill level 5 in Transmutations
  9186 | D:9      | Reached skill level 5 in Fire Magic
  9186 | D:9      | Reached skill level 5 in Ice Magic
  9186 | D:9      | Reached skill level 5 in Air Magic
  9186 | D:9      | Reached skill level 5 in Earth Magic
  9186 | D:9      | Reached skill level 5 in Poison Magic
  9849 | D:10     | Found a roughly hewn altar of Beogh.
  9849 | D:10     | Found a staircase to the Orcish Mines.
 10256 | D:11     | Noticed a five-headed hydra
 10272 | D:11     | Killed a five-headed hydra
 10630 | D:11     | Noticed Nergalle
 10642 | D:11     | Killed Nergalle
 10642 | D:11     | Reached ***** piety under Okawaru
 10796 | D:11     | Received a gift from Okawaru
 10911 | D:11     | Noticed Erolcha
 10920 | D:11     | Killed Erolcha
 11544 | D:12     | Reached XP level 12. HP: 69/95 MP: 20/22
 11546 | D:12     | Received a gift from Okawaru
 11986 | D:12     | Mangled by an enormous slime creature

Levels and vault maps discovered:
D:1:      elethiomel_arrival_infinity_welcomes_careful_drivers, layout_basic
D:2:      layout_basic, fiery_altar_vehumet, uniq_crazy_yiuf_cottage
D:3:      layout_rooms, uniq_jessica
D:4:      layout_cave_pools, nemelex_xobeh_ov_fountains_minmay, uniq_edmund,
          uniq_blork_the_orc, uniq_natasha
D:5:      layout_gridville, first_ration
D:6:      layout_loops_cross, kennysheep_mini, gammafunk_temple_overflow_wave,
          serial_shops, shop
D:7:      layout_loops_ring, minmay_temple_entry_stoned_glass, grunt_livestock,
          minmay_misc_feat_nine_boxes
D:8:      layout_basic, serial_corexii_hall, corexii_hall_statues_x,
          corexii_hall_statues_x, minmay_checkerbox
D:9:      layout_long_grid, erik_lair_dragon, dk_vineyard_3
D:10:     layout_loops_ring, david_orc_5, uniq_josephine
D:11:     layout_stronghold, evilmike_butchery, uniq_nergalle, uniq_erolcha
D:12:     layout_irregular_city
Temple:   minmay_temple_bridge_d

Skill      XL: |  1  2  3  4  5  6  7  8  9 10 11 |
---------------+----------------------------------+-----
Invocations    | 1 2 3 4 5 6 7 |  7.4
Short Blades   | 1 2 3 4 5 6 |  6.7
Long Blades    | 1 2 3 4 5 6 |  6.7
Maces & Flails | 1 2 3 4 5 6 |  6.7
Polearms       | 1 2 3 4 5 6 |  6.7
Staves         | 1 2 3 4 5 6 |  6.7
Slings         | 1 2 3 4 5 6 |  6.7
Bows           | 1 2 3 4 5 6 |  6.7
Crossbows      | 1 2 3 4 5 6 |  6.7
Throwing       | 1 2 3 4 5 6 |  6.7
Dodging        | 1 2 3 4 5 6 |  6.7
Stealth        | 1 2 3 4 5 6 |  6.7
Unarmed Combat | 1 2 3 4 5 6 |  6.7
Spellcasting   | 1 2 3 4 5 6 |  6.7
Evocations     | 1 2 3 4 5 6 |  6.7
Conjurations   | 1 2 3 4 5 |  5.6
Hexes          | 1 2 3 4 5 |  5.6
Charms         | 1 2 3 4 5 |  5.6
Summonings     | 1 2 3 4 5 |  5.6
Necromancy     | 1 2 3 4 5 |  5.6
Translocations | 1 2 3 4 5 |  5.6
Transmutations | 1 2 3 4 5 |  5.6
Fire Magic     | 1 2 3 4 5 |  5.6
Ice Magic      | 1 2 3 4 5 |  5.6
Air Magic      | 1 2 3 4 5 |  5.6
Earth Magic    | 1 2 3 4 5 |  5.6
Poison Magic   | 1 2 3 4 5 |  5.6
Axes           | 5 6 7 8 |  8.2
Fighting       | 7 8 9 |  9.5
Armour         | 7 8 9 |  9.5
Shields        | 7 8 9 |  9.5

Action                   |  1- 3 |  4- 6 |  7- 9 | 10-12 || total
-------------------------+-------+-------+-------+-------++-------
Melee: War axe           |    87 |   114 |   335 |   587 ||  1123
       Bite              |     4 |    19 |    41 |    99 ||   163
       Flail             |       |       |       |    12 ||    12
Invok: Heroism           |       |       |       |     3 ||     3
  Use: Scroll            |     4 |     6 |     3 |     7 ||    20
       Potion            |       |     5 |     2 |     4 ||    11
  Eat: Chunk             |     2 |     5 |    12 |    18 ||    37
Armor: Scale mail        |    37 |    30 |       |       ||    67
       Storm dragon scal |       |    42 |   179 |   273 ||   494
Dodge: Dodged            |    34 |    19 |   108 |   220 ||   381
Block: Shield            |    52 |    62 |   195 |   373 ||   682
